 Dungeon Crawl Stone Soup version 0.30-a0-404-g0b3c3f4973 (webtiles) character file.

Game seed: 10555651576958564706

91 tsouns the Cutter (level 4, 0/28 HPs)
             Began as a Kobold Gladiator on Dec 8, 2022.
             Was a Follower of Kikubaaqudgha.
             Slain by a gnoll
             ... wielding a +0 flail
              (5 damage)
             ... on level 3 of the Dungeon.
             The game lasted 00:03:07 (1753 turns).

tsouns the Cutter (Kobold Gladiator)                Turns: 1753, Time: 00:03:08

Health: 0/28       AC:  7    Str: 11    XL:     4   Next: 88%
Magic:  0/4        EV: 15    Int: 11    God:    Kikubaaqudgha [*.....]
Gold:   221        SH:  0    Dex: 16    Spells: 3/4 levels left

rFire   . . .      SeeInvis .    a - +0 rapier
rCold   . . .      Faith    .    (no shield)
rNeg    . . .      Spirit   .    b - +0 leather armour
rPois   .          Reflect  .    c - +0 helmet
rElec   .          Harm     .    m - +0 cloak
rCorr   .          Rampage  .    l - +1 pair of gloves
Will    .....                    (no boots)
Stlth   ++........               (no amulet)
HPRegen 0.24/turn                (no ring)
MPRegen 0.09/turn                (no ring)

@: about to teleport
A: small, no large weapons, nightstalker 3
a: Renounce Religion, Unearth Wretches


You were on level 3 of the Dungeon.
You worshipped Kikubaaqudgha.
Kikubaaqudgha was aware of your devotion.
You visited 1 branch of the dungeon, and saw 3 of its levels.

You collected 221 gold pieces.

Inventory:

Hand Weapons
 a - a +0 rapier (weapon)
Missiles
 d - 3 throwing nets (quivered)
 e - 2 boomerangs
Armour
 b - a +0 leather armour (worn)
 c - a +0 helmet (worn)
 l - a +1 pair of gloves (worn)
 m - a +0 cloak (worn)
Wands
 s - a wand of roots (8)
Scrolls
 f - a scroll of vulnerability {unknown}
 g - a scroll of torment {unknown}
 h - a scroll of teleportation
 i - a scroll of enchant armour {unknown}
 o - a scroll of amnesia {unknown}
 q - 2 scrolls of blinking {unknown}
Potions
 j - 2 potions of haste {unknown}
 k - 3 potions of curing {unknown}
 n - a potion of flight {unknown}
 p - a potion of heal wounds {unknown}
 r - a potion of lignification {unknown}


   Skills:
 + Level 3.3 Fighting
 + Level 5.0 Short Blades
 - Level 2.1 Throwing
 - Level 4.4 Dodging
 + Level 0.6 Spellcasting
 + Level 0.4 Necromancy


You had 3 spell levels left.
You knew the following spells:

 Your Spells              Type           Power      Damage    Failure   Level
a - Necrotise             Necr           4%         1d4       36%         1

Your spell library contained the following spells:

 Spells                   Type           Power      Damage    Failure   Level
 Cigotuvi's Dreadful Rot  Necr/Pois/Air  0%         N/A       54%         2
 Vampiric Draining        Necr           1%         2d6       73%         3
 Animate Dead             Necr           1%         N/A       98%         4


Dungeon Overview and Level Annotations

Branches:
Dungeon (3/15)

Altars:
Kikubaaqudgha
Nemelex Xobeh


Innate Abilities, Weirdness & Mutations

You are small and have problems with some larger weapons.
You are completely attuned to the shadows.


Message History

The gnoll resists with some effort.
The gnoll barely misses you.
Unknown command.
Casting: Necrotise (safe; 36% risk of failure)
Confirm with . or Enter, or press ? or * to list all spells.
Aiming: Necrotise (safe; 36% risk of failure)
Press: ? - help, Shift-Dir - straight line, f/p - gnoll
Aim: a gnoll, wielding a +0 flail (heavily wounded, chance to affect: 45%)
The gnoll resists with some effort.
The gnoll barely misses you.
Unknown command.
Casting: Necrotise (safe; 36% risk of failure)
Confirm with . or Enter, or press ? or * to list all spells.
Aiming: Necrotise (safe; 36% risk of failure)
Press: ? - help, Shift-Dir - straight line, f/p - gnoll
Aim: a gnoll, wielding a +0 flail (heavily wounded, chance to affect: 45%)
You miscast Necrotise.
You are very lightly contaminated with residual magic.
Nothing appears to happen.
The gnoll barely misses you. The gnoll attacks as you move away!
The gnoll barely misses you. The gnoll attacks as you move away!
The gnoll completely misses you. The gnoll attacks as you move away!
The gnoll barely misses you. The gnoll attacks as you move away!
The gnoll closely misses you. The gnoll attacks as you move away!
The gnoll barely misses you.
Your magical contamination has completely faded away.
The gnoll attacks as you move away! The gnoll hits you with a +0 flail.
The gnoll attacks as you move away! The gnoll completely misses you.
The gnoll attacks as you move away! The gnoll misses you.
The gnoll attacks as you move away! The gnoll hits you with a +0 flail!
* * * LOW HITPOINT WARNING * * *
There is a stone staircase leading up here.
Casting: Necrotise (safe; 36% risk of failure)
Confirm with . or Enter, or press ? or * to list all spells.
Aiming: Necrotise (safe; 36% risk of failure)
Press: ? - help, Shift-Dir - straight line, f/p - gnoll
Aim: a gnoll, wielding a +0 flail (moderately wounded, chance to affect: 45%)
The gnoll resists with some effort.
As you read the scroll labelled USAWNIOTASCH, it crumbles to dust.
You feel strangely unstable.
It was a scroll of teleportation.
The gnoll hits you with a +0 flail.
You die...
Kikubaaqudgha rasps: "You have failed me!
Welcome... death!"

#......).......##
#.........
#....#####......##
#......>.. ####.##
#.##....# #.........
#..##
#.####..######..###.
..##..# #.# #.....).#.##
#. #.....###.#
#.###.....####.
#####.....#
#...#.#.#....#.
#.##..######.....#.##...
#..#...@g..g............
.......g###..#.##..#####
###.#..#####.##.#..## #
#.........g##....## #
##..##.#.........#####
#....####.....#..
#g.#### #.#.#....
#...... #.#.#....
###.###. ....<..##


You could see 3 gnolls.

Vanquished Creatures
  5 adders (D:2)
  2 worms (D:2)
  6 endoplasms
  2 goblins (D:1)
  4 hobgoblins
  4 jackals (D:2)
  3 quokkas (D:1)
  6 ball pythons
  A bat (D:1)
  4 frilled lizards
  5 rats
42 creatures vanquished.

Notes
Turn   | Place    | Note
-------+----------+-------------------------------------------
     0 | D:1      | tsouns the Kobold Gladiator began the quest for the Orb.
     0 | D:1      | Reached XP level 1. HP: 12/12 MP: 1/1
   183 | D:1      | Reached XP level 2. HP: 15/18 MP: 2/2
   701 | D:2      | Reached XP level 3. HP: 18/22 MP: 3/3
   778 | D:2      | Found a sparkling altar of Nemelex Xobeh.
   805 | D:2      | Found a faded altar of an unknown god.
   810 | D:2      | Prayed at the altar of an unknown god.
   810 | D:2      | Became a worshipper of Kikubaaqudgha
   810 | D:2      | Reached * piety under Kikubaaqudgha
   810 | D:2      | Received a gift from Kikubaaqudgha
   813 | D:2      | Learned a level 1 spell: Necrotise
   900 | D:2      | Reached XP level 4. HP: 18/28 MP: 4/4
  1010 | D:2      | Reached skill level 5 in Short Blades
  1753 | D:3      | Slain by a gnoll

Illustrated notes

Levels and vault maps discovered:
D:1:      dpeg_arrival_tiny_j, layout_basic, due_unseen_surprise
D:2:      layout_rooms, shapermc_ecumenical_altar_totnotflames, basic_altar
D:3:      layout_rooms, amethyst_overflow_temple_binary, uniq_sigmund

Skill      XL: |  1  2  3  4 |
---------------+-------------+-----
Dodging        | 4 |  4.4
Fighting       | 3 |  3.3
Short Blades   | 5 |  5.0
Throwing       | |  2.1
Spellcasting   | |  0.6
Necromancy     | |  0.4

Action                   |  1- 3 |  4- 6 || total
-------------------------+-------+-------++-------
Melee: Rapier            |    89 |    39 ||   128
 Cast: Necrotise         |       |    10 ||    10
  Use: Scroll            |       |     1 ||     1
 Stab: Sleeping          |     7 |     4 ||    11
Armor: Leather armour    |    17 |     9 ||    26
Dodge: Dodged            |    69 |    35 ||   104

Table legend: (Time is in decaauts)
 A = Elapsed time spent in this place.
 B = Non-inter-level travel time spent in this place.
 C = Inter-level travel time spent in this place.
 D = Time resting spent in this place.
 E = Time spent auto-exploring this place.
 F = Levels seen in this place.
 G = Mean time per level.
                   A        B        C        D        E       F      G
               +--------+--------+--------+--------+--------+-----+--------+
         Total |   1749 |   1702 |     47 |      0 |   1365 |   3 |  583.0 |
       Dungeon |   1749 |   1702 |     47 |      0 |   1365 |   3 |  583.0 |
               +--------+--------+--------+--------+--------+-----+--------+

Top non-repeatable levels by time:
     D:2: 912 daAuts
     D:1: 688 daAuts
     D:3: 148 daAuts
